 Dungeon Crawl Stone Soup version 0.25-a0-42-g6c54e25 (webtiles) character file.

Game seed: 12265561443535464905, levelgen mode: deterministic

40 Faca the Poker (level 3, -5/29 HPs)
             Began as a Merfolk Gladiator on Oct 22, 2019.
             Slain by a bullfrog (7 damage)
             ... on level 2 of the Dungeon.
             The game lasted 00:02:10 (690 turns).

Faca the Poker (Merfolk Gladiator)                   Turns: 690, Time: 00:02:11

Health: -5/29      AC:  4    Str: 15    XL:     3   Next: 50%
Magic:  3/3        EV: 14    Int:  7    God:
Gold:   50         SH:  0    Dex: 15    Spells: 2/2 levels left

rFire    . . .     SeeInvis .   a - +0 trident
rCold    . . .     Gourm    .   (no shield)
rNeg     + . .     Faith    .   b - +0 leather armour
rPois    .         Spirit   .   c - +0 helmet
rElec    .         Reflect  .   (no cloak)
rCorr    .         Harm     .   (no gloves)
MR       .....                  (no boots)
Stlth    +.........             (no amulet)
HPRegen  0.09/turn              k - ring of positive energy
MPRegen  0.08/turn              (no ring)

@: no status effects
A: change form in water, swift swim, stealthy swim
a: no special abilities


You were on level 2 of the Dungeon.
You were not hungry.

You visited 1 branch of the dungeon, and saw 2 of its levels.

You collected 50 gold pieces.

Inventory:

Hand Weapons
 a - a +0 trident (weapon)
Missiles
 d - a throwing net (quivered)
Armour
 b - a +0 leather armour (worn)
 c - a +0 helmet (worn)
Jewellery
 k - a ring of positive energy (left hand)
Scrolls
 e - a scroll of amnesia {unknown}
 g - a scroll of teleportation {unknown}
 h - a scroll of fog {unknown}
 i - a scroll of enchant weapon {unknown}
 j - a scroll of enchant armour {unknown}
 l - a scroll of magic mapping {unknown}
 n - a scroll of remove curse {unknown}
 o - a scroll of identify {unknown}
Comestibles
 f - 3 rations


   Skills:
 + Level 3.3 Fighting
 + Level 5.5 Polearms
 - Level 2.0 Throwing
 - Level 4.0 Dodging


You had 2 spell levels left.
You didn't know any spells.
Your spell library was empty.

Dungeon Overview and Level Annotations

Branches:
Dungeon (2/15)

Altars:

Annotations:
D:2 Jessica


Message History

The bullfrog is heavily wounded.
You feel less invigorated.
You feel less confused. Jessica closely misses you.
The bullfrog completely misses you. Jessica misses you.
You hit the bullfrog.
The bullfrog is severely wounded.
The bullfrog hits you.
* * * LOW HITPOINT WARNING * * *
Jessica hits you but does no damage.
The bullfrog hits you but does no damage.
You closely miss the bullfrog.
The bullfrog is severely wounded.
Jessica closely misses you. The bullfrog hits you.
* * * LOW HITPOINT WARNING * * *
Jessica completely misses you.
You hit the bullfrog.
The bullfrog is severely wounded.
The bullfrog hits you!
You die...

##### #...## #######.....
#..........# #.####..##.#
#####################.####.###..
#...........ggF@@..............#
#.........(##############.####..
######.g...# #.# ##. #.###.# #.#
. #.# #... #.# . ####@# ###..#
#.# #..gg## #..# #.# #..?..# ..#
#.# #.............#


You could see a bullfrog, Jessica and 2 hobgoblins.

Vanquished Creatures
  3 dart slugs
  A leopard gecko (D:1)
  2 bats
  4 giant cockroaches (D:1)
  5 goblins
  4 hobgoblins (D:1)
  2 jackals (D:1)
  2 kobolds (D:1)
  2 frilled lizards (D:1)
  5 rats (D:1)
30 creatures vanquished.

Notes
Turn   | Place    | Note
-------+----------+-------------------------------------------
     0 | D:1      | Faca the Merfolk Gladiator began the quest for the Orb.
     0 | D:1      | Reached XP level 1. HP: 16/16 MP: 1/1
    17 | D:1      | Reached XP level 2. HP: 17/23 MP: 2/2
   154 | D:1      | Reached skill level 5 in Polearms
   263 | D:1      | Reached XP level 3. HP: 28/29 MP: 3/3
   650 | D:2      | Noticed Jessica
   654 | D:2      | Noticed a bullfrog
   690 | D:2      | Slain by a bullfrog

Levels and vault maps discovered:
D:1:      erik_arrival_blinker_ship, layout_basic, grunt_decor_mini_mirrors
D:2:      layout_rooms, overflow_temple_1_default, minmay_strange_pillars,
          uniq_jessica

Skill      XL: |  1  2 |
---------------+-------+-----
Polearms       | 5 |  5.5
Fighting       | 3 |  3.3
Throwing       | |  2.0
Dodging        | |  4.0

Action                   || total
-------------------------++-------
Melee: Trident           ||    97
Throw: Throwing net      ||     2
  Use: Potion            ||     2
 Stab: Sleeping          ||     1
Armor: Leather armour    ||    30
Dodge: Dodged            ||    55

Table legend:
 A = Non-vault XP
 B = Vault XP
 C = Vault XP percentage of total XP
 D = Non-vault monster count
 E = Vault monster count
 F = Vault count percentage of total count
                 A         B        C        D         E       F
            +---------+---------+-------+---------+---------+-------
      Total |      58 |       0 |   0.0 |      30 |       0 |   0.0
            +---------+---------+-------+---------+---------+-------
        D:1 |      49 |       0 |   0.0 |      26 |       0 |   0.0
        D:2 |       9 |       0 |   0.0 |       4 |       0 |   0.0
            +---------+---------+-------+---------+---------+-------
